 Dungeon Crawl Stone Soup version 0.17-a0-1533-g2f57bce (webtiles) character file.

100 ololoev the Slasher (level 4, -1/33 HPs)
             Began as a Vampire Skald on July 16, 2015.
             Slain by an adder (3 damage)
             ... on level 2 of the Dungeon.
             The game lasted 00:03:26 (1484 turns).

ololoev the Slasher (Vampire Skald)                 Turns: 1484, Time: 00:03:26

Health: -1/33      AC:  4    Str: 17    XL:     4   Next: 47%
Magic:  7/7        EV: 11    Int: 14    God:
Gold:   60         SH:  0    Dex: 13    Spells: 2 memorised, 4 levels left

rFire  . . .     SeeInvis +     a - +0 falchion
rCold  . . .     Clarity  .     b - +0 leather armour
rNeg   . . .     SustAt   .     (no shield)
rPois  .         Gourm    .     (no helmet)
rElec  .         Spirit   .     (no cloak)
rCorr  .         Warding  .     j - +0 pair of gloves
rMut   .         Stasis   .     (no boots)
MR     .....                    (no amulet)
Stlth  +.........               (no ring)
                                (no ring)

@: mighty, lethally poisoned (-1 -> -6), regenerating quickly, not resistant to
hostile enchantments, very unstealthy
A: fangs 3, see invisible, unbreathing
a: no special abilities


Innate Abilities, Weirdness & Mutations

Your natural rate of healing is unusually fast.
You have razor-sharp teeth.
You have supernaturally acute eyesight.
You can survive without breathing.

Inventory:

Hand weapons
 a - a +0 falchion (weapon)
Armour
 b - a +0 leather armour (worn)
 j - a +0 pair of gloves (worn)
Scrolls
 d - a scroll of amnesia {unknown}
 e - a scroll of noise {unknown}
 f - 2 scrolls of teleportation {unknown}
 g - a scroll of blinking {unknown}
 i - 2 scrolls of identify {unknown}
 k - a scroll of random uselessness {unknown}
 l - a scroll of enchant weapon {unknown}
Books
 c - a book of Battle

   Spells                             Type                      Level
   a - Infusion                       Charms                       1
   b - Shroud of Golubria             Charms/Translocation         2
   c - Song of Slaying                Charms                       2
   d - Spectral Weapon                Hexes/Charms                 3
   e - Regeneration                   Charms/Necromancy            3


   Skills:
 - Level 1.7 Fighting
 * Level 4.0 Long Blades
 + Level 2.1 Armour
 - Level 1.1 Dodging
 - Level 2.0 Spellcasting
 - Level 3.2 Charms


You had 4 spell levels left.
You knew the following spells:

 Your Spells              Type           Power        Failure   Level  Hunger
a - Infusion              Chrm           ##....       10%         1    ##.....
b - Song of Slaying       Chrm           ##......     14%         2    ###....


You were on level 2 of the Dungeon.
You were very full.

You visited 1 branch of the dungeon, and saw 2 of its levels.

You collected 60 gold pieces.

.......#.##.........
.#...)÷#.##.#####....#
.....÷...............#
.........##.####.....#
............####.....+
.#.##>...............#
.#.##................#
.#.............#.S...###
.#.##...........@S......
.####........#.#..?.....
)####..####.##.#..#+###.
. ........%.........
###.......##.#..#..
#.########.#..#### #
#.#... #.#.###

Notes
Turn   | Place    | Note
--------------------------------------------------------------
     0 | D:1      | ololoev the Vampire Skald began the quest for the Orb.
     0 | D:1      | Reached XP level 1. HP: 16/16 MP: 3/3
    59 | D:1      | Reached skill level 1 in Armour
    59 | D:1      | Reached XP level 2. HP: 8/22 MP: 5/5
   438 | D:1      | Learned a level 2 spell: Song of Slaying
   854 | D:2      | Reached XP level 3. HP: 19/27 MP: 6/6
   983 | D:2      | Found a shadowy altar of Dithmenos.
   986 | D:2      | Noticed Ijyb
  1006 | D:2      | Killed Ijyb
  1063 | D:2      | Reached XP level 4. HP: 20/33 MP: 7/7
  1287 | D:2      | Reached skill level 4 in Long Blades
  1484 | D:2      | Slain by an adder

Dungeon Overview and Level Annotations

Branches:
Dungeon (2/15)

Altars:
Dithmenos


Message History

You hit the adder but do no damage.
The adder is severely wounded.
The adder bites you.
You barely miss the adder.
The adder is severely wounded.
The adder bites you. The adder barely misses you. The adder bites you.
You miss the adder.
The adder is severely wounded.
The adder closely misses you. The adder bites you.
You are poisoned.
The adder poisons you!
You hit the adder.
The adder is almost dead.
You feel sick. The adder bites you. The adder bites you.
You are more poisoned.
The adder poisons you! The adder bites you. The adder bites you.
You are too injured to fight recklessly!
You are too injured to fight recklessly!
You closely miss the adder.
The adder is almost dead.
You feel sick. The adder closely misses you. The adder bites you.
You are lethally poisoned!
The adder poisons you!
You miss the adder.
The adder is almost dead.
You feel sick. The adder closely misses you. The adder barely misses you.
The adder misses you.
Drink which item? (? for menu, Esc to quit)
It was a potion of might.
You feel very mighty all of a sudden.
You feel sick. The adder closely misses you. The adder barely misses you.
The adder bites you but does no damage.
You miss the adder.
The adder is almost dead.
You feel sick. The adder closely misses you. The adder barely misses you.
You miss the adder.
The adder is almost dead.
You feel sick. The adder closely misses you. The adder bites you.
The adder bites you but does no damage. The adder bites you.
You die...

You could see 2 adders.

Vanquished Creatures
  Ijyb (D:2)
  3 adders (D:2)
  2 oozes
  6 bats
  7 goblins (D:2)
  9 hobgoblins
  2 jackals (D:1)
  3 kobolds (D:1)
  5 rats
38 creatures vanquished.

Action                   |  1- 3 |  4- 6 || total
-------------------------+-------+-------++-------
Melee: Falchion          |   123 |    31 ||   154
  Use: Potion            |     1 |     1 ||     2
  Eat: Corpse            |    11 |     3 ||    14

Vault maps used:
D:1:      scummos_arrival_star, st_stairs_11
D:2:      nicolae_dithmenos_through_a_glass_darkly, lemuel_doored_altar,
          minmay_goblin_outpost, uniq_iyjb
